 Dungeon Crawl Stone Soup version 0.29-a0-541-gaf1fc19f1b (webtiles) character file.

Game seed: 2386075200223287867

77 xian the Sneak (level 4, -3/29 HPs)
             Began as an Octopode Brigand on June 3, 2022.
             Slain by a gnoll
             ... wielding a +0 halberd
              (14 damage)
             ... on level 2 of the Dungeon.
             The game lasted 00:03:55 (1687 turns).

xian the Sneak (Octopode Brigand)                   Turns: 1687, Time: 00:03:55

Health: -3/29      AC:  1    Str: 12    XL:     4   Next: 33%
Magic:  4/4        EV: 13    Int: 13    God:
Gold:   67         SH:  0    Dex: 13    Spells: 3/3 levels left

rFire   . . .      SeeInvis .   i - +2 hand axe (vorpal)
rCold   + . .      Faith    .   (no shield)
rNeg    . . .      Spirit   .   (helmet restricted)
rPois   .          Reflect  .   (no amulet)
rElec   .          Harm     .   f - ring of protection from cold
rCorr   .          Rampage  .   (no ring)
Will    .....                   (no ring)
Stlth   ++++......              (no ring)
HPRegen 0.09/turn               (no ring)
MPRegen 0.09/turn               (no ring)
                                (no ring)
                                (no ring)

@: no status effects
A: almost no armour, amphibious, 8 rings, camouflage 1, gelatinous body 1,
(nimble swimmer 1), tentacles
a: no special abilities


You were on level 2 of the Dungeon.
You visited 1 branch of the dungeon, and saw 2 of its levels.

You collected 67 gold pieces.

Inventory:

Hand Weapons
 a - a +2 dagger
 i - a +2 vorpal hand axe (weapon)
Missiles
 b - 9 poisoned darts (quivered)
 c - 3 curare-tipped darts
 h - 4 atropa-tipped darts
Jewellery
 f - a ring of protection from cold (left tentacle)
Scrolls
 e - 3 scrolls of enchant armour {unknown}
 j - a scroll of blinking {unknown}
 l - 2 scrolls of teleportation {unknown}
 m - a scroll of identify {unknown}
 n - a scroll of vulnerability {unknown}
 o - a scroll of amnesia {unknown}
Potions
 d - a potion of attraction {unknown}
 g - a potion of magic {unknown}
 k - a potion of degeneration {unknown}


   Skills:
 + Level 2.2 Fighting
 + Level 2.3 Short Blades
 + Level 1.1 Axes
 + Level 2.2 Throwing
 + Level 1.2 Dodging
 + Level 6.9 Stealth


You had 3 spell levels left.
You didn't know any spells.
Your spell library was empty.

Dungeon Overview and Level Annotations

Branches:
Dungeon (2/15)

Altars:


Innate Abilities, Weirdness & Mutations

You cannot wear most types of armour.
You are amphibious.
You can wear up to eight rings at the same time.
Your skin changes colour to match your surroundings (Stealth+).
Your rubbery body absorbs attacks. (AC +1, EV +1)
((You are camouflaged when in or above water. (Stealth+)))
You have tentacles for arms and can constrict up to eight enemies at once.


Message History

Found a stone staircase leading down.
Found 20 stones.
Found a faded altar of an unknown god.
A quokka comes into view.
You barely miss the quokka. Your grab misses the quokka.
The quokka completely misses you. The quokka barely misses you.
You closely miss the quokka. You grab the quokka.
You constrict the quokka, but do no damage.
The quokka bites you.
You hit the quokka.
You kill the quokka!
You have reached level 4!
You see here a +0 hunting sling. 2 gnolls come into view.
Found a black potion.
A gnoll comes into view. It is wielding a +0 flail.
The gnoll shouts! x3
The gnoll hits you with a +0 halberd!
You slash the gnoll! You grab the gnoll.
The gnoll is almost dead.
You constrict the gnoll, but do no damage.
The gnoll hits you from afar with a +0 halberd!
The gnoll misses you. The gnoll barely misses you. x2
You completely miss the gnoll. You squeeze the gnoll.
You kill the gnoll!
The gnoll misses you.
You hit the gnoll. You grab the gnoll.
The gnoll is moderately wounded.
You constrict the gnoll, but do no damage.
The gnoll closely misses you. The gnoll barely misses you.
You hit the gnoll.
You kill the gnoll!
The gnoll barely misses you. The gnoll closely misses you.
Your Axes skill increases to level 1!
The gnoll misses you.
You see here a +0 flail.
The gnoll closely misses you.
You slash the gnoll! Your grab misses the gnoll. Your squeeze misses the gnoll.
The gnoll is severely wounded.
The gnoll hits you with a +0 halberd!
You die...

#..### #.##.# ##...#
#.##.# ##...# #.##.#
..##.# #..#.# #†##.#
##..#.##
.†#..########.###.#
##.............#..##
...#.########.#.)..##.##
...# # #.#)@g...!.. .###
#.##...##.## .# #.###.##
## #.# .# # # #.# .#
####.# #. .# .....# .#
..###### .# ........


You could see a gnoll.

Vanquished Creatures
  2 gnolls (D:2)
  3 adders (D:2)
  A dart slug (D:1)
  2 endoplasms (D:1)
  A goblin (D:1)
  4 hobgoblins
  A jackal (D:2)
  2 quokkas (D:2)
  4 ball pythons (D:1)
  7 frilled lizards (D:1)
  2 kobolds (D:1)
  4 rats
33 creatures vanquished.

Notes
Turn   | Place    | Note
-------+----------+-------------------------------------------
     0 | D:1      | xian the Octopode Brigand began the quest for the Orb.
     0 | D:1      | Reached XP level 1. HP: 14/14 MP: 1/1
   200 | D:1      | You fall into a shaft and drop 1 floor!
   294 | D:1      | Reached XP level 2. HP: 17/19 MP: 2/2
   418 | D:1      | Reached skill level 6 in Stealth
  1070 | D:1      | Reached XP level 3. HP: 24/24 MP: 3/3
  1570 | D:2      | Found a faded altar of an unknown god.
  1635 | D:2      | Reached XP level 4. HP: 27/29 MP: 4/4
  1685 | D:2      | Reached skill level 1 in Axes
  1687 | D:2      | Slain by a gnoll

Illustrated notes

Levels and vault maps discovered:
D:1:      minmay_arrival_four_houses, layout_loops_corners, minmay_hedge_maze,
          minmay_lizard_pond
D:2:      layout_loops_ring, shapermc_ecumenical_altar_mp_ritualfount,
          minmay_pentomino_pile

Skill      XL: |  1  2  3  4 |
---------------+-------------+-----
Stealth        | 6 |  6.9
Axes           | 1 |  1.1
Fighting       | |  2.2
Short Blades   | |  2.3
Throwing       | |  2.2
Dodging        | |  1.2

Action                   |  1- 3 |  4- 6 || total
-------------------------+-------+-------++-------
Melee: Dagger            |     5 |       ||     5
       Hand axe          |    46 |     5 ||    51
       Constrict         |    12 |     2 ||    14
       Tentacles         |    11 |     1 ||    12
 Stab: Sleeping          |     4 |       ||     4
Armor: Skin              |     4 |       ||     4
Dodge: Dodged            |    37 |    10 ||    47

Table legend: (Time is in decaauts)
 A = Elapsed time spent in this place.
 B = Non-inter-level travel time spent in this place.
 C = Inter-level travel time spent in this place.
 D = Time resting spent in this place.
 E = Time spent auto-exploring this place.
 F = Levels seen in this place.
 G = Mean time per level.
                   A        B        C        D        E       F      G
               +--------+--------+--------+--------+--------+-----+--------+
         Total |   1699 |   1651 |     48 |      0 |   1257 |   2 |  849.5 |
       Dungeon |   1699 |   1651 |     48 |      0 |   1257 |   2 |  849.5 |
               +--------+--------+--------+--------+--------+-----+--------+

Top non-repeatable levels by time:
     D:1: 1267 daAuts
     D:2: 431 daAuts
